Map: Frozen Temple

Players

Xenixerg

  • Race: Zerg Zerg
  • League: Diamond

llllllllllll - Winner!

  • Race: Protoss Protoss
  • League: Diamond

VOD

Have the link to the VOD?

Description

Time

  • Played on: July 24, 2016, 10:35 a.m.
  • Length: 14:03
Show
View Real Time Build Order
Export as new Build Order

Xenixerg Zerg 

Build Orders: Hatch First 

Get SALT Encoding   

  12  0:00  Drone  
  13  0:08  Drone  
  14  0:17  Overlord  
  14  0:28  Extractor, Drone  
  15  0:36  Drone x2  
  17  0:55  Hatchery, Drone  
  17  1:11  Spawning Pool  
  17  1:13  Drone  
  17  1:21  Drone x2  
  19  1:29  Drone  
  20  1:37  Extractor, Drone  
  20  1:58  Queen  
  22  2:07  Queen, Drone x2  
  26  2:09  Overlord  
  26  2:10  Drone  
  27  2:23  Drone  
  28  2:31  Drone x2  
  28  2:35  Drone  
  31  2:38  Hatchery  
  31  2:40  Drone  
  31  2:45  Queen  
  31  2:50  Pneumatized Carapace  
  33  2:56  Drone x2  
  35  3:00  Overlord  
  35  3:08  Drone  
  35  3:12  Extractor  
  35  3:18  Drone x2  
  35  3:19  Drone x5  
  42  3:31  Roach Warren, Lair  
  41  3:37  Evolution Chamber  
  40  3:43  Drone x4  
  44  3:48  Extractor  
  44  3:49  Overlord  
  44  3:51  Overlord  
  43  4:07  Drone x2  
  43  4:09  Drone x3  
  49  4:10  Drone x3  
  49  4:12  Overlord  
  49  4:14  Drone  
  49  4:15  Drone x2  
  54  4:29  Glial Reconstitution  
  54  4:31  Zerg Missile Weapons Level 1, Roach  
  54  4:32  Roach x2  
  54  4:35  Extractor  
  59  4:38  Drone  
  59  4:44  Roach  
  59  4:45  Roach x4  
  70  4:48  Overlord  
  72  5:00  Roach x2  
  72  5:01  Overlord  
  72  5:02  Overlord x2  
  74  5:18  Overlord x3  
  74  5:24  Roach x7  
  74  5:28  Overseer  
  88  5:31  Overseer  
  88  5:33  Overseer  
  88  5:37  Overseer  
  88  5:40  Ravager x2  
  90  5:43  Zergling x14  
  97  5:50  Ravager  
  97  5:54  Ravager  
  97  5:57  Zergling x16  
  106  6:18  Spore Crawler  
  85  6:19  Spore Crawler  
  85  6:21  Spore Crawler  
  83  6:27  Spore Crawler  
  83  6:28  Spore Crawler  
  83  6:29  Spore Crawler  
  78  6:50  Hatchery  
  55  7:11  Lair  
  51  7:21  Drone x8  
  51  7:22  Drone x4  
  56  7:23  Spore Crawler x2  
  54  7:31  Spore Crawler  
  53  7:37  Spore Crawler  
  53  7:42  Spore Crawler  
  51  7:51  Spore Crawler  
  51  7:55  Roach x2  
  52  8:15  Spore Crawler  
  52  8:16  Spore Crawler  
  52  8:18  Spore Crawler x2  
  48  8:20  Ravager x2  
  50  8:28  Ravager x2  
  50  8:29  Ravager  
  53  8:43  Spore Crawler  
  52  8:56  Queen  
  54  9:05  Drone x4  
  54  9:06  Drone x4  
  62  9:13  Metabolic Boost  
  62  9:39  Spire  
  61  9:49  Zergling x2  
  61  9:50  Zergling x12  
  65  10:27  Spire  
  50  11:07  Queen  
  52  11:15  Drone  
  52  11:16  Drone x4  
  57  11:21  Zergling x2  
  58  11:39  Mutalisk x9  
  60  11:42  Overlord  
  60  11:43  Overlord  
  76  12:02  Spire  
  75  12:09  Drone x3  
  75  12:10  Drone x2  
  75  12:12  Extractor  
  79  12:46  Hatchery  
Show
View Real Time Build Order
Export as new Build Order

llllllllllll Protoss - Winner!

Build Orders: 1 Gate Expand 

Get SALT Encoding   

  12  0:01  Probe (Chrono Boost)  
  13  0:11  Probe (Chrono Boost)  
  14  0:22  Probe (Chrono Boost)  
  14  0:28  Pylon  
  15  0:46  Probe (Chrono Boost)  
  16  0:53  Gateway  
  17  0:57  Probe (Chrono Boost)  
  17  1:01  Assimilator  
  17  1:06  Assimilator  
  17  1:07  Probe (Chrono Boost)  
  18  1:18  Probe (Chrono Boost)  
  19  1:28  Probe (Chrono Boost)  
  20  1:39  Probe (Chrono Boost)  
  21  1:42  Nexus  
  21  1:49  Probe (Chrono Boost)  
  22  2:02  Cybernetics Core  
  22  2:04  Pylon  
  22  2:07  Probe (Chrono Boost)  
  23  2:22  Probe (Chrono Boost)  
  24  2:35  Probe (Chrono Boost)  
  25  2:39  Stalker  
  25  2:43  Protoss Air Weapons Level 1  
  27  2:46  Pylon, Mothership Core (Chrono Boost)  
  29  3:00  Assimilator  
  29  3:01  Assimilator  
  29  3:03  Probe (Chrono Boost)  
  29  3:04  Probe (Chrono Boost)  
  31  3:15  Probe (Chrono Boost)  
  32  3:21  Probe (Chrono Boost)  
  34  3:27  Probe (Chrono Boost)  
  34  3:31  Probe (Chrono Boost)  
  35  3:39  Probe (Chrono Boost), Stargate  
  36  3:41  Stargate  
  36  3:42  Probe (Chrono Boost)  
  36  3:44  Stargate  
  37  3:51  Probe (Chrono Boost)  
  38  3:57  Probe (Chrono Boost)  
  40  4:03  Probe (Chrono Boost)  
  40  4:14  Pylon  
  40  4:15  Probe (Chrono Boost)  
  41  4:17  Forge  
  41  4:20  Pylon  
  41  4:22  Probe (Chrono Boost)  
  42  4:26  Oracle  
  42  4:27  Oracle  
  48  4:33  Oracle  
  51  4:42  Probe (Chrono Boost)  
  51  4:43  Probe (Chrono Boost)  
  53  4:51  Pylon  
  53  4:52  Probe (Chrono Boost)  
  54  4:56  Probe (Chrono Boost)  
  55  5:01  Oracle  
  58  5:14  Oracle x2  
  64  5:24  Photon Cannon  
  64  5:26  Photon Cannon  
  64  5:32  Photon Cannon  
  64  5:33  Photon Cannon  
  64  5:40  Photon Cannon  
  64  5:41  Pylon  
  64  5:45  Void Ray  
  64  5:48  Void Ray  
  72  5:57  Void Ray  
  76  6:25  Photon Cannon  
  76  6:27  Photon Cannon  
  76  6:31  Photon Cannon  
  76  6:32  Photon Cannon  
  76  6:35  Photon Cannon  
  62  7:35  Pylon  
  62  7:41  Pylon  
  62  7:53  Void Ray  
  62  7:59  Void Ray  
  62  8:03  Void Ray  
  57  8:26  Nexus  
  57  8:30  Void Ray  
  61  8:42  Void Ray  
  61  9:08  Void Ray, Nexus  
  61  9:10  Pylon x2  
  61  9:12  Pylon  
  65  9:18  Assimilator  
  65  9:31  Probe (Chrono Boost)  
  66  9:43  Probe (Chrono Boost)  
  67  9:55  Probe (Chrono Boost)  
  64  11:08  Oracle  
  64  11:13  Oracle x2  
  64  11:15  Probe (Chrono Boost)  
  64  11:17  Probe (Chrono Boost)  
  75  11:24  Pylon  
  76  11:25  Probe (Chrono Boost)  
  76  11:27  Probe (Chrono Boost)  
  76  11:29  Probe (Chrono Boost), Pylon  
  78  11:36  Probe (Chrono Boost)  
  78  11:38  Probe (Chrono Boost)  
  81  11:41  Probe (Chrono Boost)  
  81  11:46  Probe (Chrono Boost)  
  85  11:49  Probe (Chrono Boost)  
  85  11:53  Probe (Chrono Boost)  
  93  11:55  Phoenix  
  93  11:57  Probe (Chrono Boost)  
  93  11:58  Phoenix  
  93  11:59  Phoenix  
  91  12:06  Pylon  
  91  12:07  Pylon  
  91  12:10  Photon Cannon  
  91  12:17  Phoenix  
  91  12:19  Photon Cannon  
  91  12:22  Photon Cannon  
  93  12:23  Phoenix  
  93  12:24  Phoenix  
  97  12:39  Phoenix  
  99  12:48  Phoenix  
  99  12:49  Phoenix  
  103  13:00  Phoenix  
  103  13:13  Phoenix x2  
Tags
 
Add a new tag
Caveats
  • Supply blocks, unpowered buildings, or Contaminate may cause inaccurate times.
  • Supply counts are checked every 10 seconds.